 Dungeon Crawl Stone Soup version 0.31.0-11-ge490571c62 (webtiles) character file.

Game seed: 2123832457282283286

11 qw the Shooter (level 2, 0/16 HPs)
             Began as a Deep Elf Hunter on Feb 3, 2024.
             Succumbed to an adder's poison
             ... on level 2 of the Dungeon.
             The game lasted 00:00:01 (377 turns).

qw the Shooter (Deep Elf Hunter)                     Turns: 377, Time: 00:00:01

Health: 0/16       AC:  3    Str:  8    XL:     2   Next: 13%
Magic:  4/4        EV: 12    Int: 13    God:
Gold:   26         SH:  0    Dex: 18    Spells: 1/1 levels left

rFire   . . .        a - +0 shortbow
rCold   . . .        (shield currently unavailable)
rNeg    . . .        c - +0 leather armour
rPois   .            (no helmet)
rElec   .            (no cloak)
rCorr   .            (no gloves)
SInv    .            (no boots)
Will    .....        (no amulet)
Stlth   ++           (no ring)
HPRegen 0.22/turn    (no ring)
MPRegen 0.09/turn

%: no passive effects
@: lethally poisoned (0 -> -9)
A: no striking features
a: no special abilities


You were on level 2 of the Dungeon.
You visited 1 branch of the dungeon, and saw 2 of its levels.

You collected 26 gold pieces.


   Skills:
 - Level 1.5 Fighting
 + Level 6.0 Ranged Weapons
 - Level 2.4 Dodging
 - Level 1.2 Stealth


You had one spell level left.
You didn't know any spells.
Your spell library was empty.

Inventory:

Hand Weapons
 a - a +0 shortbow (weapon)
Armour
 c - a +0 leather armour (worn)
Jewellery
 i - a ring of fire
Scrolls
 b - a scroll of butterflies
 d - a scroll of fear {unknown}
 e - a scroll of fog {unknown}
 f - a scroll of immolation {unknown}
 j - a scroll of poison {unknown}
Potions
 g - a potion of haste {unknown}
 h - a potion of curing {unknown}

Dungeon Overview and Level Annotations

Branches:
Dungeon (2/15)

Altars:
Vehumet

Annotations:
D:2 1 runed translucent door, Crazy Yiuf


Message History

The bat hits you but does no damage. The adder closely misses you.
You shoot an arrow. The arrow closely misses the bat.
The bat misses you. The adder bites you.
You are poisoned.
The adder poisons you! The bat hits you but does no damage.
The adder closely misses you.
You shoot an arrow. The arrow barely misses the bat.
You feel sick. The bat misses you. The adder barely misses you.
The bat misses you.
You shoot an arrow. The arrow barely misses the bat.
You feel sick. The bat hits you but does no damage.
The adder barely misses you.
You shoot an arrow. The arrow hits the adder.
The adder is moderately wounded.
You feel sick.
You are no longer poisoned.
The adder bites you. The bat misses you. The adder closely misses you.
You shoot an arrow. The arrow hits the adder.
The adder is almost dead.
The bat completely misses you. The adder bites you.
You shoot an arrow. The arrow barely misses the adder.
The bat hits you but does no damage. The adder closely misses you.
The adder bites you.
You shoot an arrow.
The arrow hits the adder but does no damage.
The adder is severely wounded.
The bat hits you but does no damage. The adder completely misses you.
You shoot an arrow. The arrow completely misses the adder.
The adder closely misses you. The bat closely misses you.
The adder barely misses you. The bat barely misses you.
You shoot an arrow. The arrow hits the adder.
The adder is almost dead.
The bat barely misses you. The adder closely misses you.
You shoot an arrow. The arrow completely misses the adder.
The adder bites you.
You are lethally poisoned!
The adder poisons you! The bat misses you. The adder bites you.
You are more poisoned.
The adder poisons you!
You shoot an arrow. The arrow misses the adder.
You die... 7P

#... 7P ( #... 7~77~.
###... ..~~~~ ......###
7..7~~. #......#
..¤¤7~~ #......#
777S¤¤~P~~
#......###7.@b?.¤~~~
#............P7¤¤¤7~
#......##....7....~7
####......###777.7.7..~
##.........# 7P..7
....#....### 77...
.#.......# ...
....#....# 7..
.##......#


You could see an adder and a bat.

Vanquished Creatures
  A dart slug (D:2)
  A giant cockroach (D:2)
  2 hobgoblins (D:1)
  A ball python (D:1)
  2 bats
  2 kobolds (D:1)
9 creatures vanquished.

Notes
Turn   | Place    | Note
-------+----------+-------------------------------------------
     0 | D:1      | qw the Deep Elf Hunter began the quest for the Orb.
     0 | D:1      | Reached XP level 1. HP: 12/12 MP: 3/3
     0 | D:1      | 0 ||| qw: Version: 0.3-a-155-g5e7d8dd
     0 | D:1      | 0 ||| qw: Game counter: 3449
     0 | D:1      | 0 ||| qw: Melee chars always use a shield: true
     0 | D:1      | 0 ||| qw: God list: Okawaru
     0 | D:1      | 0 ||| qw: Allow faded altars: false
     0 | D:1      | 0 ||| qw: Do Orc after clearing Dungeon:15 true
     0 | D:1      | 0 ||| qw: Do second Lair branch before Depths: true
     0 | D:1      | 0 ||| qw: Lair rune preference: random
     0 | D:1      | 0 ||| qw: Goals: Normal
     0 | D:1      | 0 ||| PLANNING D:1-11
   133 | D:1      | You fall into a shaft and drop 1 floor!
   174 | D:2      | Found a runed translucent door.
   175 | D:2      | Noticed Crazy Yiuf
   259 | D:2      | Found a radiant altar of Vehumet.
   284 | D:2      | Reached XP level 2. HP: 16/16 MP: 4/4
   323 | D:2      | Reached skill level 6 in Ranged Weapons
   376 | D:2      | HP: 4/16 [adder (4)]
   377 | D:2      | Succumbed to an adder's poison

Levels and vault maps discovered:
D:1:      ldierk_walled_garden_2, layout_basic
D:2:      wad_woods_pond, layout_basic, basic_altar, minmay_misc_feat_five,
          uniq_crazy_yiuf_cottage

Skill      XL: |  1  2 |
---------------+-------+-----
Ranged Weapons | 6 |  6.0
Fighting       | |  1.5
Dodging        | |  2.4
Stealth        | |  1.2

Action                     || total
---------------------------++-------
   Fire: Shortbow          ||    39
 Armour: Leather armour    ||    15
  Dodge: Dodged            ||    25

Table legend:
 A = Non-vault XP
 B = Vault XP
 C = Vault XP percentage of total XP
 D = Non-vault monster count
 E = Vault monster count
 F = Vault count percentage of total count
                 A         B        C        D         E       F
            +---------+---------+-------+---------+---------+-------
      Total |      16 |       0 |   0.0 |       9 |       0 |   0.0
            +---------+---------+-------+---------+---------+-------
        D:1 |       8 |       0 |   0.0 |       6 |       0 |   0.0
        D:2 |       8 |       0 |   0.0 |       3 |       0 |   0.0
            +---------+---------+-------+---------+---------+-------
